[Event "Polish Youth B18 Championship 2023"]
[Site "Jastrzebia Gora"]
[Date "2023.03.17"]
[Round "7.18"]
[White "Kitewski, Bartosz"]
[Black "Kossowski, Pawel"]
[Result "1-0"]
[ECO "E54"]
[WhiteElo "1968"]
[BlackElo "1766"]
[Annotator "TA"]
[PlyCount "95"]
[EventDate "2023.03.11"]
[EventType "swiss"]
[EventCountry "POL"]
[SourceTitle "playchess.com"]
[Source "ChessBase"]
[SourceQuality "1"]
[TimeControl "40/5400+30:1800+30"]

1. d4 Nf6 2. c4 e6 3. Nc3 Bb4 4. Nf3 c5 5. e3 O-O 6. Bd3 d5 7. O-O dxc4 8. Bxc4 Qe7 9. a3 Ba5 10. Qe2 Nc6 11. Na4 {[%emt 0:11:28] E54: Nimzo-Indian: Rubinstein: Main Line: 7...dxc4 8 Bxc4.} cxd4 12. exd4 {[%emt 0:00:23] [#]} a6 $146 {[%emt 0:01:32] And now ...b5 would win.} ({Predecessor:} 12... Rd8 13. Rd1 Bc7 14. Bg5 h6 15. Bh4 g5 16. Bg3 Bxg3 17. hxg3 Bd7 18. Nc5 Nxd4 19. Nxd4 Qxc5 {½-½ Schadeck,H-Pappier,C Latin Am-Cup3 corr 1972}) 13. Bd3 {[%emt 0:04:51] The position is equal.} b5 14. Nc3 (14. Nc5 $5 ) 14... Rd8 15. Rd1 Bb7 16. Bg5 h6 17. Bxf6 {[%emt 0:01:32][%mdl 64] Remove Defender} Qxf6 18. Ne4 Qe7 (18... Nxd4 $2 19. Nxf6+ gxf6 20. Nxd4 Rxd4 21. Bh7+ Kxh7 22. Rxd4 $18) 19. b4 Bb6 (19... Nxd4 $2 20. Nxd4 Rxd4 21. bxa5 $18) 20. Nc5 g6 (20... Rac8 $11) 21. Be4 $16 Bxc5 22. dxc5 Rxd1+ 23. Rxd1 Rd8 {[%emt 0:00:07] Inhibits Rd6.} 24. Bxc6 (24. h4 $16) 24... Bxc6 $14 25. Ne5 Rxd1+ 26. Qxd1 {[%emt 0:00:15][%mdl 4096] Endgame KQB-KQN} Bd5 27. Qc1 ({Better is} 27. Qd4 $1 $16) 27... h5 {[%emt 0:02:03] Repels Ng4} (27... Qg5 $11 28. Qxg5 hxg5) 28. Qe3 (28. h3 $16) 28... Qc7 (28... f6 $11) 29. Qg5 $18 {[%emt 0:03:20] Qf6 would be deadly.} Kg7 {[%emt 0:02:54] Inhibits Qf6+.} 30. h3 a5 $1 31. Nd3 (31. Qg3 {simplifies} axb4 32. axb4 Qe7 33. Nd3) 31... Ba8 (31... f6 $11 {keeps the balance.} 32. Qe3 axb4 33. Nxb4 Qb7) 32. Nf4 $1 $16 Kh7 33. Qf6 {[%emt 0:00:20] Nd3 is the strong threat.} axb4 34. axb4 {[%emt 0:00:07] Strongly threatening Nd3.} Qb7 35. f3 {[%emt 0:00:22] Threatens to win with Nd3. White is more active.} Qd7 {[%emt 0:00:17] [#] Prevents Nd3.} 36. Qe5 (36. Ne2 $1 $16) 36... Bc6 (36... Qd1+ $11 37. Kh2 Qd8) 37. Ne2 (37. Qc3 $14) 37... Qa7 $2 (37... Qd2 $11 {and Black is okay.}) 38. Nd4 $36 {[%emt 0:01:33][%mdl 2112] Deflection. White has strong initiative.} Bd5 (38... Be8 $142) 39. Kh2 $18 (39. Nxb5 $6 Qb7 $16) 39... Qa4 (39... Qd7 $142 40. Qd6 Qa7) 40. c6 $2 ({Only move:} 40. Qf4 $18 Qxb4 41. Qxf7+ Kh6 42. Qf6 (42. Nxe6 Bxe6 {[%mdl 64] Remove Defender} 43. Qxe6 Qxc5 $11)) 40... Qxb4 $14 {[%emt 0:00:00] [#]} 41. c7 (41. Qf4 $1 $16 Qe7 42. c7 (42. Nxb5 Bxc6 43. Nd6 f6 $17)) 41... Qc3 $2 (41... f6 $11 42. Qf4 Qc5) 42. Qd6 ({White should play} 42. Qf4 $18 Kg8 43. Nxb5 (43. Qd6 Bb7 $16)) 42... b4 $2 {[%emt 0:03:33][%mdl 8192] [#]} (42... Bb7 $16) 43. Nc6 $1 $18 {[%emt 0:04:59][%mdl 576] Promotion} b3 (43... Bxc6 44. c8=Q) 44. c8=Q {[%emt 0:00:15][%cal Od6b8] White threatens Qdb8! and mate.} (44. c8=B $2 {too greedy.} b2 45. Qb8 Bb3 $19) 44... b2 {[%emt 0:00:10] [#]} 45. Qdb8 $1 {[%emt 0:01:30] White mates.} Bb3 (45... Qg7 46. Ne7) 46. Qg8+ Kh6 47. Qf4+ g5 48. Qfxg5# {[%emt 0:00:04] Weighted Error Value: White=0.39/Black=0.74} 1-0

[Event "Polish Youth B18 Championship 2023"]
[Site "Jastrzebia Gora"]
[Date "2023.03.17"]
[Round "7.19"]
[White "Bem, Tymoteusz"]
[Black "Kozlowski, Franciszek"]
[Result "1-0"]
[ECO "D55"]
[WhiteElo "1748"]
[BlackElo "1829"]
[Annotator "NA RC COMBH"]
[PlyCount "89"]
[EventDate "2023.03.11"]
[EventType "swiss"]
[EventCountry "POL"]
[SourceTitle "playchess.com"]
[Source "ChessBase"]
[SourceQuality "1"]
[TimeControl "40/5400+30:1800+30"]

1. d4 d5 2. c4 e6 3. Nc3 Nf6 4. Nf3 Be7 5. Bg5 O-O 6. e3 h6 7. Bxf6 Bxf6 8. cxd5 exd5 9. Bd3 Re8 10. Rc1 c6 11. O-O Be6 12. b4 Nd7 13. Ne2 Nb6 14. Nf4 Bd7 15. Re1 Qb8 16. Bb1 g6 17. h4 Bg4 18. Qc2 Bf5 19. Qb3 Bxb1 20. Qxb1 Bg7 (20... a6 $11) 21. h5 ({White should play} 21. b5 $14) 21... g5 22. Ne2 Nc4 23. Rxc4 dxc4 24. e4 a5 25. e5 b5 26. Ng3 Qc8 27. bxa5 Rxa5 28. Nf5 Qd7 29. Nd2 c3 30. Ne4 Qxf5 (30... Qe6 $15) 31. Nf6+ Qxf6 32. exf6 Rxe1+ 33. Qxe1 Bxf6 34. Qxc3 Rxa2 35. Qxc6 Kg7 36. d5 b4 37. Qb6 Rd2 38. Qb5 Bc3 39. g3 Kf6 40. Qc6+ Ke5 41. Qxh6 b3 {[%emt 0:09:10] [#]} 42. Qh8+ $1 {[%emt 0:09:56] Skewer} (42. Qxg5+ Kd4 $16) 42... f6 43. Qb8+ Kxd5 44. Qxb3+ Kd4 45. h6 $18 1-0

[Event "Polish Youth B18 Championship 2023"]
[Site "Jastrzebia Gora"]
[Date "2023.03.17"]
[Round "7.20"]
[White "Zeissel, Andrzej"]
[Black "Wesolek, Krzysztof"]
[Result "1-0"]
[ECO "C29"]
[WhiteElo "1717"]
[BlackElo "1765"]
[Annotator "NA COMBH"]
[PlyCount "115"]
[EventDate "2023.03.11"]
[EventType "swiss"]
[EventCountry "POL"]
[SourceTitle "playchess.com"]
[Source "ChessBase"]
[SourceQuality "1"]
[TimeControl "40/5400+30:1800+30"]

1. e4 e5 2. Nc3 Nf6 3. f4 d5 4. fxe5 Nxe4 5. Qf3 f5 6. d3 Nxc3 7. bxc3 d4 8. Qg3 Nc6 9. Be2 Be6 10. Bf3 Qd7 11. Ne2 Bc5 12. Bxc6 bxc6 13. c4 O-O 14. Nf4 Bb4+ 15. Bd2 Bxd2+ 16. Kxd2 Rab8 17. Rab1 Rb6 18. Rb3 Rfb8 19. Qg5 a5 20. Rf1 Rf8 21. Rfb1 Rfb8 22. h4 Bf7 23. Re1 Re8 24. e6 Bxe6 25. Rxe6 Rxe6 26. Nxe6 Qxe6 27. Qd8+ Kf7 28. Qxc7+ Kf6 29. Qd8+ Kf7 30. Qxd4 Rxb3 31. cxb3 Qg6 32. Qd7+ Kf8 33. Qd8+ Kf7 34. Qc7+ Kf8 35. g3 Qh6+ 36. Qf4 Qf6 37. d4 Qe6 38. Qe3 Qd6 39. Qe5 Qh6+ 40. Qf4 Qf6 41. Kc3 Qe6 42. Qe5 Qg6 43. d5 cxd5 44. cxd5 Qg4 45. Qf4 Qd1 46. Qxf5+ Kg8 47. Qc8+ Kf7 48. Qc7+ Kf8 49. Qf4+ Ke8 50. Qe5+ Kf8 51. Qb8+ Kf7 52. Qc7+ Kf8 53. d6 Qe1+ 54. Kd4 Qb4+ 55. Kd5 Qb5+ 56. Qc5 Qd3+ 57. Kc6 Qa6+ 58. Kc7 1-0

[Event "Polish Youth B18 Championship 2023"]
[Site "Jastrzebia Gora"]
[Date "2023.03.17"]
[Round "7.21"]
[White "Malik, Maciej"]
[Black "Smuda, Tomasz"]
[Result "1-0"]
[ECO "A04"]
[WhiteElo "2163"]
[BlackElo "1654"]
[Annotator "TA"]
[PlyCount "87"]
[EventDate "2023.03.11"]
[EventType "swiss"]
[EventCountry "POL"]
[SourceTitle "playchess.com"]
[Source "ChessBase"]
[SourceQuality "1"]
[TimeControl "40/5400+30:1800+30"]

1. Nf3 c5 2. g3 Nc6 3. Bg2 Nf6 4. O-O d5 5. d3 e5 6. Bg5 Be7 7. Nbd2 {[%emt 0:00:56] A08: King's Indian Attack.} O-O 8. e4 dxe4 9. dxe4 {[%emt 0:02:19] The position is equal.} Bg4 10. Bxf6 Bxf6 {[%emt 0:00:39] [#]} 11. c3 $146 ({Predecessor:} 11. h3 Be6 12. Qe2 Qc7 13. c3 Rad8 14. Rfd1 Qc8 15. Kh2 a6 16. Nc4 Bxc4 {½-½ Staricek,P (2137)-Korytko,P (2124) SVK-chT3D 0001 2000 (4)}) 11... Qc7 12. Qc2 Rfd8 13. Nc4 Rd7 14. Ne3 {[%emt 0:00:35] A dynamic duo of knights.} Be6 15. Rfd1 c4 (15... Rad8 $11 {was preferrable.}) 16. Bf1 Na5 {[%emt 0:10:43] [#]} 17. Rxd7 $1 Qxd7 18. Rd1 Qc7 19. Nd5 Bxd5 20. exd5 (20. Rxd5 {simplifies} a6 21. Qd2 Rd8 22. Rxd8+ Qxd8 23. Qxd8+ Bxd8 24. Nxe5 b5 25. Bh3) 20... Rd8 21. Qa4 {[%emt 0:07:35] Repels b5} a6 {[%emt 0:17:19] [#]} 22. d6 $1 Qc6 (22... Qc5 23. Nd2) 23. Qxa5 Qxf3 24. Rd2 Qg4 25. Bg2 {[%emt 0:09:20] White is more active.} e4 26. Qd5 e3 27. fxe3 Bg5 (27... b5 $16 {was called for.} 28. d7 Kf8) 28. Qe5 (28. Qxb7 $2 Bxe3+ 29. Rf2 Qf5 $19) 28... Bf6 29. Qc5 (29. Qf4 $18 Qd7 30. Bf3 (30. Qxc4 Be5 $18)) 29... Rc8 (29... b5 $16 30. d7 h5) 30. Qb6 $40 {[%emt 0:01:01][%mdl 128] White goes for the king.} Qe6 31. d7 {[%emt 0:01:38] White threatens Qxe6 and mate.} (31. Qxb7 $6 Qxe3+ 32. Rf2 Rf8 $18) 31... Rd8 32. Qxe6 (32. Qxb7 Qxe3+ 33. Rf2 Be7 $16) 32... fxe6 33. Bxb7 {[%emt 0:00:04][%mdl 4096] Endgame KRB-KRB} a5 34. Ba6 Kf7 35. Bxc4 Ke7 36. Bb5 Bg5 37. Kf2 Rf8+ 38. Ke2 Kd8 (38... Bf6 $142 39. c4 Be5) 39. Rd6 {[%emt 0:00:47] White is clearly winning.} Rf5 40. a4 Re5 41. Ra6 Rxe3+ 42. Kf2 Re5 43. Ra8+ Kc7 44. Rc8+ {[%emt 0:00:06] Black did not feel at home in the position after the opening.   Weighted Error Value: White=0.08 (flawless) /Black=0.29 (precise)} 1-0

[Event "Polish Youth B18 Championship 2023"]
[Site "Jastrzebia Gora"]
[Date "2023.03.17"]
[Round "7.22"]
[White "Czarniecki, Pawel"]
[Black "Sternik, Piotr"]
[Result "1-0"]
[ECO "D00"]
[WhiteElo "1625"]
[BlackElo "1746"]
[Annotator "NA RC COMBH"]
[PlyCount "83"]
[EventDate "2023.03.11"]
[EventType "swiss"]
[EventCountry "POL"]
[SourceTitle "playchess.com"]
[Source "ChessBase"]
[SourceQuality "1"]
[TimeControl "40/5400+30:1800+30"]

1. d4 d5 2. Bf4 Nf6 3. e3 e6 4. Bd3 c5 5. c3 Nc6 6. Nd2 Bd6 7. Bg3 e5 8. dxe5 Nxe5 9. Bc2 O-O 10. Ne2 Bg4 11. f3 Bd7 12. a4 Bc6 13. O-O Re8 14. Bf2 Qc7 15. Ng3 Ng6 16. Re1 Rad8 17. Qb1 a5 18. Ndf1 b6 19. Nf5 Bf8 20. Bg3 Qb7 21. Qa2 Nh5 22. Bf2 Ne5 23. Bh4 Rd7 24. Rad1 g6 25. f4 gxf5 26. fxe5 Rxe5 27. Ng3 f4 28. exf4 Rxe1+ 29. Rxe1 Nxf4 30. Qb1 Ng6 31. Bg5 Be7 32. Bh6 d4 33. Ne4 Rd8 34. cxd4 cxd4 35. b3 Qd7 36. Bd3 Re8 37. Qc2 Bxe4 38. Rxe4 Rc8 39. Qf2 Rd8 40. h4 Qd5 41. Rxe7 f5 42. Bc4 1-0

[Event "Polish Youth B18 Championship 2023"]
[Site "Jastrzebia Gora"]
[Date "2023.03.18"]
[Round "8.1"]
[White "Kaliszuk, Kamil"]
[Black "Dzida, Kamil"]
[Result "1/2-1/2"]
[ECO "D38"]
[WhiteElo "2217"]
[BlackElo "2333"]
[Annotator "TA"]
[PlyCount "107"]
[EventDate "2023.03.11"]
[EventType "swiss"]
[EventCountry "POL"]
[SourceTitle "playchess.com"]
[Source "ChessBase"]
[SourceQuality "1"]
[TimeControl "40/5400+30:1800+30"]

1. d4 {[%emt 0:00:03] Krasenkow,Michal} Nf6 2. c4 e6 3. Nf3 d5 4. Nc3 Bb4 5. Qa4+ Nc6 6. e3 O-O 7. Qc2 {[%emt 0:00:24] D38: Queen's Gambit Declined: Ragozin Defence (4 Nf3 Bb4).} Re8 8. Bd2 Bf8 9. a3 e5 10. dxe5 Nxe5 11. cxd5 Nxf3+ 12. gxf3 Nxd5 13. Bd3 {[%emt 0:04:03] [#]} Nf6 $146 ({Predecessor:} 13... Nxc3 14. Bxc3 Qh4 15. O-O-O g6 16. Be4 Bg7 17. Qa4 Qe7 18. Bxg7 Kxg7 19. h4 Qc5+ {0-1 Navara,D (2703)-Grischuk,A (2764) Hamburg FIDE GP 2019 (2.2)}) 14. O-O-O c5 {[%emt 0:04:01] [#]} ({Black should try} 14... c6 $14) 15. Ne4 (15. Be1 $1 $16) 15... Nxe4 $14 16. Bxe4 Qh4 17. Bc3 g6 18. Rhg1 Bg7 {[%emt 0:05:51] Dodges Bxg6} 19. Bxg7 Kxg7 20. f4 Qe7 {[%emt 0:04:22] Dodges Rg5} 21. Bd3 b6 (21... Qf6 $11 {keeps the balance.}) 22. f5 $16 {[%emt 0:11:42][%cal Rf5g6] White is more active.} Qf6 23. h4 {[%emt 0:01:59] Hoping for h5.} Re5 $1 24. f4 (24. e4 {looks sharper.} c4 25. f4 Rxf5 26. exf5 cxd3 27. Qg2) 24... Rxe3 25. fxg6 hxg6 {[%emt 0:00:49] ...c4 would be deadly.} (25... Qxh4 $2 26. gxf7+ Kxf7 27. Bc4+ Kf6 28. Qg2 $18) 26. f5 Rxd3 {[%emt 0:02:04][%mdl 64] Remove Defender} 27. Qxd3 Bxf5 28. Qf3 $132 {[%emt 0:00:39][%mdl 2048] White is fighting back} Re8 {[%emt 0:01:42] Strongly threatening ...Re4.} 29. h5 Re4 30. Rd3 $2 {[%emt 0:02:26] [#]} (30. Qc3 $11 Qxc3+ 31. bxc3) 30... Rc4+ $2 (30... g5 $1 $17 {White must now prevent ...Kh7.} 31. Re3 (31. h6+ $2 Kh7 $19) 31... Rh4) 31. Rc3 $11 Rxc3+ 32. Qxc3 Qxc3+ 33. bxc3 {[%emt 0:00:07][%mdl 4096] Endgame KR-KB} Kf8 34. hxg6 Bxg6 {[%emt 0:00:06] The position is equal.} 35. Re1 Bf5 36. Kd2 Be6 37. a4 Ke7 38. a5 b5 39. Rh1 Kd6 40. Rh8 Kc7 41. Re8 Kb7 42. Re7+ Ka6 43. Rc7 Kxa5 {[%emt 0:00:12] ...Kb6 is the strong threat.} 44. Rxa7+ Kb6 45. Ra8 b4 46. cxb4 $1 cxb4 47. Kd3 $1 Kc5 48. Ra5+ Kd6 49. Kd4 b3 50. Ra6+ Kc7 {[%emt 0:01:38] ( -> ...b2)} 51. Kc5 Kd7 52. Ra7+ Ke8 53. Kd6 $1 Kf8 54. Ke5 {[%emt 0:00:35] Weighted Error Value: White=0.10 (very precise) /Black=0.10 (very precise)} 1/2-1/2

[Event "Polish Youth B18 Championship 2023"]
[Site "Jastrzebia Gora"]
[Date "2023.03.18"]
[Round "8.2"]
[White "Ochedzan, Tymon"]
[Black "Karolczuk, Iwo"]
[Result "0-1"]
[ECO "B90"]
[WhiteElo "2240"]
[BlackElo "2346"]
[Annotator "TA"]
[PlyCount "92"]
[EventDate "2023.03.11"]
[EventType "swiss"]
[EventCountry "POL"]
[SourceTitle "playchess.com"]
[Source "ChessBase"]
[SourceQuality "1"]
[TimeControl "40/5400+30:1800+30"]

1. e4 c5 2. Nf3 d6 3. d4 cxd4 4. Nxd4 Nf6 5. Nc3 a6 6. Nb3 Nbd7 {[%emt 0:00:31] B90: Sicilian Najdorf: Unusual White 6th moves, 6 Be3 Ng4 and 6 Be3 e5.} 7. g4 h6 8. a4 b6 {[%emt 0:20:14] The position is equal.} (8... Ne5 $5 ) 9. Bg2 Bb7 10. Qe2 {[%emt 0:01:52] [#]} e6 $146 ({Predecessor:} 10... Rc8 11. f4 g5 12. fxg5 hxg5 13. Bxg5 Bg7 14. O-O-O Rxc3 15. bxc3 Qc7 16. Bd2 Ne5 {0-1 Ronka,E (2355)-Vishnu,P (2476) Titled Tuesday intern op 22 Mar Early blitz 2022 (3)}) 11. O-O g5 12. f4 {[%emt 0:07:05] Repels Ne5} gxf4 13. Bxf4 Qc7 14. h3 Be7 15. Rad1 (15. Rf2 $5) 15... Ne5 16. Nd2 Nfd7 17. Nf3 Nc4 18. e5 d5 (18... Nxb2 $17 19. exd6 Qxc3 20. dxe7 Nxd1 21. Rxd1 Bxf3 22. Bxf3 Rc8) 19. Kh1 $11 (19. b3 Qc5+ 20. Qf2 Na3 $17) 19... Qc5 (19... Nxb2 20. Nxd5 Bxd5 21. Rxd5 $14) 20. Bc1 O-O-O 21. b3 Na5 22. Rd3 (22. Na2 $5 ) 22... Qc7 23. Na2 (23. Bf4 $11 {keeps the balance.}) 23... Nc5 $36 {[%emt 0:02:46][%mdl 2048] Black is in control. White is on the road to losing.} 24. Rc3 {[%emt 0:02:27] [#]} (24. Rdd1 $142) 24... Nc6 $1 (24... d4 25. Nxd4 Rxd4 26. b4 $15) 25. Ne1 d4 ({Inferior is} 25... Nxe5 26. Bf4 f6 27. b4 $11) ({And not} 25... Qxe5 26. Qxe5 Nxe5 27. Nd3) 26. Rg3 (26. Rc4 $17) 26... Qxe5 ({Weaker is} 26... Nxe5 27. Bf4 Bd6 28. Kh2 $17) 27. Qxe5 Nxe5 28. Bf4 Ng6 {[%emt 0:00:26] And now ...Nxf4 would win.} 29. Bxb7+ Kxb7 30. Rgf3 (30. Nd3 {was worth a try.}) 30... Ne4 $19 31. Kg1 f5 32. gxf5 exf5 33. Ng2 (33. Bh2 $142 Rhg8 34. Kh1) 33... Rhg8 34. Kh2 Nxf4 35. Nxf4 {[%emt 0:00:04] White is weak on the dark squares} Nd2 36. Nc1 Bd6 37. Ncd3 Rde8 38. Kh1 Nxf1 39. Rxf1 Re3 40. Rf2 Rgg3 41. Ne2 Rxh3+ 42. Kg1 Rh4 43. Ne1 Bg3 44. Nxg3 Rxg3+ 45. Ng2 Rhg4 46. Kf1 {[%emt 0:00:07] [#]} Rxg2 $1 {[%emt 0:00:21] Weighted Error Value: White=0.76/Black=0.21 (precise)} 0-1

[Event "Polish Youth B18 Championship 2023"]
[Site "Jastrzebia Gora"]
[Date "2023.03.18"]
[Round "8.3"]
[White "Kacprzak, Karol"]
[Black "Backiel, Hubert"]
[Result "1-0"]
[ECO "B51"]
[WhiteElo "2221"]
[BlackElo "2127"]
[Annotator "TA"]
[PlyCount "87"]
[EventDate "2023.03.11"]
[EventType "swiss"]
[EventCountry "POL"]
[SourceTitle "playchess.com"]
[Source "ChessBase"]
[SourceQuality "1"]
[TimeControl "40/5400+30:1800+30"]

1. e4 c5 2. Nf3 d6 3. Bb5+ Nd7 4. d4 cxd4 5. Nxd4 Ngf6 6. O-O {[%emt 0:00:28] B51: Sicilian: Moscow Variation (3 Bb5+) without 3...Bd7.} a6 7. Bd3 e5 8. Nb3 {[%emt 0:01:07] White is slightly better.} Be7 9. c4 {[%emt 0:05:30] [#]} O-O $146 ({Predecessor:} 9... a5 10. Be3 a4 11. N3d2 Nc5 12. Bc2 Bd7 13. Nc3 O-O 14. h3 Qa5 15. Rb1 Rfc8 {1-0 Xiong,J (2687)-So,W (2772) Speed Chess Chess.com INT blitz 2021 (1.18)}) 10. Nc3 b6 11. Be3 Nc5 12. Nxc5 bxc5 13. h3 Be6 14. b3 Nd7 15. Qd2 Nb8 16. Rad1 Nc6 17. Nd5 h6 18. Bb1 {[%emt 0:06:29] And now Nxe7+ would win.} Nd4 19. f4 exf4 (19... Bh4 $11) 20. Nxe7+ $16 (20. Bxf4 $6 Bxd5 21. cxd5 (21. exd5 Bg5 $11) 21... Bg5 $11) (20. Nxf4 $6 Bf6 $11) 20... Qxe7 21. Bxd4 (21. Bxf4 $6 Rfd8 $16) 21... cxd4 22. Qxf4 a5 (22... Rab8 $16 {keeps fighting.} 23. Kh1 (23. Rxd4 Qa7 $16) 23... Qc7 24. Rxd4 Rfd8) 23. a4 (23. Rxd4 $18 Qa7 24. Rfd1 (24. Qxd6 $2 Rfd8 $19)) 23... Rab8 24. Bc2 (24. Rxd4 $6 Rxb3 25. e5 dxe5 26. Qxe5 Qa3 $11) 24... Qa7 {[%emt 0:00:07] [#] Threatens to win with ...d3+.} 25. Qf2 {[%emt 0:00:45] White is more active.} (25. Qxd6 $2 d3+ 26. Kh2 dxc2 $19) 25... Qc5 26. Qxd4 Qg5 27. Kh1 Rfd8 28. Rd2 Rb7 29. Rfd1 Rbd7 30. Qc3 Qc5 31. Rd3 f6 32. Rg3 Kf7 33. Rf1 {[%emt 0:01:34][%cal Og3g7] Rxg7+! is the strong threat.} Qe5 34. Qe3 $36 {[%emt 0:02:05][%mdl 2048] Keeping Black busy.} Rf8 35. Bd1 h5 $2 {[%emt 0:00:29][%mdl 8192] Black cannot hold the game after this.} (35... Rb8 $16 {is tougher.}) 36. Rg5 $18 {[%emt 0:01:27][%mdl 64] [#] Skewer, Double Attack} Qb2 37. Bxh5+ ({Not} 37. Rxh5 Kg8 38. Rxa5 Bf7 $18) 37... Kg8 38. Rxa5 Rb7 39. Bd1 (39. Rb5 Rxb5 40. axb5 Ra8 $18) 39... Bf7 40. Qd3 Re7 41. Bf3 ({Resist} 41. Qxd6 Rfe8 $18) 41... Re5 42. Ra6 Rb8 43. Rb1 (43. Rxd6 Rxb3 44. Rd8+ Kh7 $18) 43... Qa3 44. Rxd6 {[%emt 0:00:55] Weighted Error Value: White=0.06 (flawless) /Black=0.27 (precise)} 1-0

[Event "Polish Youth B18 Championship 2023"]
[Site "Jastrzebia Gora"]
[Date "2023.03.18"]
[Round "8.4"]
[White "Luczak, Filip"]
[Black "Luberanski, Jakub"]
[Result "1-0"]
[ECO "A00"]
[WhiteElo "2345"]
[BlackElo "2242"]
[Annotator "TA"]
[PlyCount "92"]
[EventDate "2023.03.11"]
[EventType "swiss"]
[EventCountry "POL"]
[SourceTitle "playchess.com"]
[Source "ChessBase"]
[SourceQuality "1"]
[TimeControl "40/5400+30:1800+30"]

1. g3 g6 2. Bg2 Bg7 3. e4 c5 4. Ne2 Nc6 5. d3 e5 6. Nbc3 Nge7 7. O-O O-O 8. f4 d6 9. fxe5 {[%emt 0:06:36] B25: Closed Sicilian: 3 g3, lines without early Be3.} dxe5 10. Nd5 Nxd5 11. exd5 {[%emt 0:00:07] The position is equal.} Ne7 12. c4 Nf5 {[%emt 0:00:12] [#]} (12... Bg4 {is interesting.} 13. Be3 b6 14. h3 Nf5) 13. Kh1 $146 ({Predecessor:} 13. Rb1 a5 14. a3 a4 15. h3 {½-½ Khamrakulov,I (2472)-Veingold,A (2464) Don Benito 2004 (8)}) 13... b6 14. Nc3 Nd6 15. Be3 f5 16. Qd2 Rf7 17. Rae1 Qf8 18. a3 Bd7 19. Bg1 a5 20. Qd1 $1 a4 21. b4 axb3 22. Qxb3 Ra6 23. a4 $1 h5 $2 {[%emt 0:09:44] [#]} (23... f4 $15 24. Qd1 Qd8) 24. a5 $1 $16 {[%emt 0:01:54][%mdl 512] White is more active.} f4 (24... Nb7 $16 {is a better defense.}) (24... bxa5 25. Bxc5) 25. axb6 $18 f3 {[%emt 0:00:52] [#]} 26. Rxf3 Rxf3 27. Bxc5 $2 (27. b7 $18 Nxb7 28. Qxb7) 27... Rxd3 $11 28. Qb4 {[%emt 0:02:14] [#]} (28. b7 $11 {keeps the balance.} Qb8 29. Bxd6 Rxd6 30. c5) 28... Qb8 $1 $17 29. Bxd6 Qxb6 30. Qxb6 Rxb6 31. Ne4 Bf5 32. Bc7 Rb4 33. Nd6 e4 34. Nxe4 (34. Bxe4 $2 {perishes.} Bxe4+ 35. Nxe4 (35. Rxe4 $2 Rb1+ 36. Kg2 Rd2+ {[%mdl 64] Skewer} 37. Kf3 Rf1+ 38. Ke3 Bh6+ 39. Rf4 Bxf4+ 40. gxf4 Rxh2 $19) 35... Rxc4 $19) (34. Nxf5 $1 $11 gxf5 35. Bf1) 34... Rxc4 35. Bf4 Rc2 (35... Rxd5 $2 36. Nf6+ Bxf6 37. Bxd5+ Kg7 38. Bxc4 $18) 36. d6 Bf8 (36... Rd4 $17 {[%cal Oc2g2] ...Rxg2! would be deadly.} 37. Ng5 Bf6) 37. h4 (37. Kg1 $15) 37... Rd4 (37... Bg7 $17) 38. Nf6+ $11 Kf7 {[%emt 0:00:07] Strongly threatening ...Rxf4.} 39. Bd5+ Rxd5 {[%emt 0:01:36][%mdl 64] Deflection} 40. Nxd5 {[%emt 0:00:00] With the idea Ne3.} Bg4 $2 {[%emt 0:00:00] A mistake that costs the game.} (40... Rc4 $11) 41. Ne3 $18 Rc8 (41... Re2 42. Rxe2 Bxe2) 42. Nxg4 {[%emt 0:00:40] White is clearly winning.} hxg4 43. d7 Rd8 {[%emt 0:00:15] [#]} 44. Rf1 $1 ({Not} 44. Rd1 Ke6 $11) 44... Ke6 45. Bg5 Be7 46. Re1+ {[%emt 0:00:06][%mdl 64] Skewer, Deflection} Kd5 {Weighted Error Value: White=0.19 (very precise) /Black=0.34} 1-0